 Dungeon Crawl Stone Soup version 0.24.0-37-gcf1ca852f1 (webtiles) character file.

Game seed: 961467468865201778, levelgen mode: deterministic

658 Iamsoldier the Charmwright (level 7, -3/56 HPs)
             Began as a Gnoll Skald on Nov 24, 2019.
             Was a Follower of Dithmenos.
             Slain by Pikel
             ... wielding a +0 whip of flaming
              (10 damage)
             ... on level 5 of the Dungeon.
             The game lasted 00:10:02 (3449 turns).

Iamsoldier the Charmwright (Gnoll Skald)            Turns: 3449, Time: 00:10:03

Health: -3/56      AC:  3    Str: 13    XL:     7   Next: 55%
Magic:  8/15       EV: 14    Int: 17    God:    Dithmenos [*.....]
Gold:   201        SH:  0    Dex: 15    Spells: 8/17 levels left

rFire    + . .     SeeInvis .   f - +2 mace (crush)
rCold    . . .     Gourm    .   (no shield)
rNeg     . . .     Faith    .   b - +0 leather armour
rPois    .         Spirit   .   (no helmet)
rElec    .         Reflect  .   e - scarf {cloud immunity}
rCorr    +         Harm     .   (no gloves)
MR       .....                  (no boots)
Stlth    ++........             y - amulet of regeneration
HPRegen  0.58/turn              r - ring of resist corrosion
MPRegen  0.14/turn              c - ring of protection from fire

@: wreathed by umbra
A: distributed training, fangs 1, strong nose
a: Renounce Religion


You were on level 5 of the Dungeon.
You worshipped Dithmenos.
Dithmenos was aware of your devotion.
You were hungry.

You visited 1 branch of the dungeon, and saw 5 of its levels.

You collected 201 gold pieces.

Inventory:

Hand Weapons
 a - a +0 spear
 f - a +2 mace of crushing (weapon)
 m - a +4 whip
Armour
 b - a +0 leather armour (worn)
 e - a scarf of cloud immunity (worn)
 s - a +0 buckler
Jewellery
 c - a ring of protection from fire (right hand)
 j - an uncursed amulet of the acrobat
 r - a ring of resist corrosion (left hand)
 y - an amulet of regeneration (around neck)
 D - an uncursed ring of protection from fire
Wands
 g - a wand of paralysis (5)
Scrolls
 k - a scroll of enchant armour {unknown}
 l - a scroll of teleportation {unknown}
 o - a scroll of amnesia {unknown}
 p - 2 scrolls of identify
 t - a scroll of fog {unknown}
 v - a scroll of remove curse
 E - a scroll of fear {unknown}
Potions
 h - 4 potions of curing {unknown}
 i - a potion of degeneration {unknown}
 n - 2 potions of magic {unknown}
 q - a potion of agility
 u - a potion of heal wounds {unknown}
 w - a potion of invisibility {unknown}
 x - a potion of flight {unknown}
 z - a potion of resistance {unknown}
 A - a potion of mutation {unknown}
 B - a potion of brilliance {unknown}
Comestibles
 d - 6 rations
 C - 2 chunks of flesh


   Skills:
 + Level 5.2 Fighting
 + Level 2.5 Short Blades
 + Level 2.5 Long Blades
 + Level 2.5 Axes
 + Level 2.5 Maces & Flails
 + Level 5.2 Polearms
 + Level 2.5 Staves
 + Level 2.5 Slings
 + Level 2.5 Bows
 + Level 2.5 Crossbows
 + Level 2.5 Throwing
 + Level 3.6 Armour
 + Level 5.2 Dodging
 + Level 2.5 Stealth
 + Level 2.5 Shields
 + Level 2.5 Unarmed Combat
 + Level 5.6 Spellcasting
 + Level 2.0 Conjurations
 + Level 2.0 Hexes
 + Level 5.8 Charms
 + Level 2.0 Summonings
 + Level 2.0 Necromancy
 + Level 2.0 Translocations
 + Level 2.0 Transmutations
 + Level 2.0 Fire Magic
 + Level 2.0 Ice Magic
 + Level 2.0 Air Magic
 + Level 2.0 Earth Magic
 + Level 2.0 Poison Magic
 + Level 2.8 Invocations
 + Level 2.5 Evocations


You had 8 spell levels left.
You knew the following spells:

 Your Spells              Type           Power        Failure   Level  Hunger
a - Infusion              Chrm           ###.         1%          1    None
b - Shroud of Golubria    Chrm/Tloc      ###...       4%          2    #......
c - Spectral Weapon       Hex/Chrm       ###.....     10%         3    ##.....
d - Regeneration          Chrm/Necr      ###.......   10%         3    ##.....

Your spell library contained the following spells:

 Spells                   Type           Power        Failure   Level  Hunger
 Song of Slaying          Chrm           ###.....     2%          2    #......


Dungeon Overview and Level Annotations

Branches:
Dungeon (5/15)
 Temple: D:4-7

Altars:
Dithmenos
Fedhas
Gozag

Annotations:
D:5 Pikel


Innate Abilities, Weirdness & Mutations

Your experience applies equally to all skills.
You have very sharp teeth.
Your uncanny sense of smell can sniff out nearby items.


Message History

Pikel is almost dead.
Pikel misses you. The slave barely misses you. The slave closely misses you.
The slave hits you. Pikel closely misses you. The slave closely misses you.
You closely miss Pikel.
Pikel is almost dead.
Your skin stops crawling.
The slave misses you. The slave completely misses you.
Pikel hits you with a +0 whip of flaming!
* * * LOW HITPOINT WARNING * * *
Pikel burns you.
* * * LOW HITPOINT WARNING * * *
The slave misses you. x2
Evoke which item? (* to show all) (? for menu, Esc to quit)
Okay, then.
Okay, then.
Okay, then.
You completely miss Pikel. You bite Pikel, but do no damage.
Pikel is almost dead.
Pikel hits you with a +0 whip of flaming!
You die...

#....#..##.#
#(.....##.# #....>.##.#
.......#....##.######
##.#####............##
...#####.............##
#....#.........$.....##
#..................#
#.##...........@p......
#.##.#........pKp......
#....#..............?#.
#..# ##.............##
#..# ###.....#.......#
#..# #.....###.#####.#
##..###...### #. ...
........#..# #. ##
.#..###.##.#


You could see Pikel (berserk) and 3 slaves.

Vanquished Creatures
  An ice beast (D:5)
  A slave (D:5)
  An ogre (D:4)
  A howler monkey (D:4)
  A crimson imp (D:5)
  3 orc wizards (D:4)
  Ijyb (D:4)
  A worker ant (D:4)
  Natasha (thrice) (D:3)
  11 adders
  An adder skeleton (D:4)
  2 worms
  6 dart slugs
  2 leopard geckos
  10 orcs
  4 giant cockroaches
  8 goblins
  6 hobgoblins
  3 jackals (D:2)
  4 kobolds
  3 quokkas
  3 ball pythons
  8 bats
  4 frilled lizards
  5 rats
93 creatures vanquished.

Notes
Turn   | Place    | Note
-------+----------+-------------------------------------------
     0 | D:1      | Iamsoldier the Gnoll Skald began the quest for the Orb.
     0 | D:1      | Reached XP level 1. HP: 20/20 MP: 6/6
    86 | D:1      | Reached XP level 2. HP: 26/26 MP: 7/7
   515 | D:1      | Reached XP level 3. HP: 31/31 MP: 9/9
   519 | D:1      | Learned a level 2 spell: Shroud of Golubria
   523 | D:1      | Learned a level 3 spell: Spectral Weapon
   527 | D:1      | Learned a level 3 spell: Regeneration
   767 | D:2      | Reached skill level 5 in Spellcasting
   891 | D:2      | Reached skill level 1 in Invocations
   919 | D:2      | Reached skill level 1 in Short Blades
   919 | D:2      | Reached skill level 1 in Long Blades
   919 | D:2      | Reached skill level 1 in Axes
   919 | D:2      | Reached skill level 1 in Maces & Flails
   919 | D:2      | Reached skill level 1 in Staves
   919 | D:2      | Reached skill level 1 in Slings
   919 | D:2      | Reached skill level 1 in Bows
   919 | D:2      | Reached skill level 1 in Crossbows
   919 | D:2      | Reached skill level 1 in Throwing
   919 | D:2      | Reached skill level 1 in Stealth
   919 | D:2      | Reached skill level 1 in Shields
   919 | D:2      | Reached skill level 1 in Unarmed Combat
   919 | D:2      | Reached skill level 1 in Evocations
   964 | D:2      | Found a shadowy altar of Dithmenos.
  1013 | D:2      | Reached XP level 4. HP: 38/38 MP: 7/11
  1189 | D:2      | Found a blossoming altar of Fedhas.
  1291 | D:2      | Found an opulent altar of Gozag.
  1587 | D:2      | Became a worshipper of Dithmenos the Shadowed
  1711 | D:3      | Reached skill level 1 in Conjurations
  1711 | D:3      | Reached skill level 1 in Hexes
  1711 | D:3      | Reached skill level 1 in Summonings
  1711 | D:3      | Reached skill level 1 in Necromancy
  1711 | D:3      | Reached skill level 1 in Translocations
  1711 | D:3      | Reached skill level 1 in Transmutations
  1711 | D:3      | Reached skill level 1 in Fire Magic
  1711 | D:3      | Reached skill level 1 in Ice Magic
  1711 | D:3      | Reached skill level 1 in Air Magic
  1711 | D:3      | Reached skill level 1 in Earth Magic
  1711 | D:3      | Reached skill level 1 in Poison Magic
  1872 | D:3      | Reached XP level 5. HP: 43/43 MP: 9/12
  2132 | D:3      | Noticed Natasha
  2139 | D:3      | Killed Natasha
  2290 | D:3      | Noticed Natasha
  2303 | D:3      | Killed Natasha
  2303 | D:3      | Reached * piety under Dithmenos
  2339 | D:3      | Noticed Natasha
  2348 | D:3      | Killed Natasha
  2637 | D:4      | Noticed Ijyb
  2649 | D:4      | Killed Ijyb
  2649 | D:4      | Reached XP level 6. HP: 50/50 MP: 5/13
  2684 | D:4      | Reached skill level 5 in Fighting
  2684 | D:4      | Reached skill level 5 in Polearms
  2684 | D:4      | Reached skill level 5 in Dodging
  2957 | D:4      | Reached XP level 7. HP: 56/56 MP: 4/15
  3336 | D:5      | Entered Level 5 of the Dungeon
  3435 | D:5      | Noticed Pikel
  3449 | D:5      | Slain by Pikel

Levels and vault maps discovered:
D:1:      ncdulo_lavacross, layout_basic
D:2:      layout_basic, fedhas_altar_2, grunt_dithmenos_smoke_and_mirrors,
          nicolae_gozag_cash_rules_everything_around_me
D:3:      layout_basic, uniq_natasha
D:4:      layout_basic, uniq_ijyb
D:5:      layout_rooms, first_ration, uniq_pikel, uniq_sigmund

Skill      XL: |  1  2  3  4  5  6  7 |
---------------+----------------------+-----
Spellcasting   | 5 |  5.6
Invocations    | 1 2 |  2.8
Short Blades   | 1 2 |  2.5
Long Blades    | 1 2 |  2.5
Axes           | 1 2 |  2.5
Maces & Flails | 1 2 |  2.5
Staves         | 1 2 |  2.5
Slings         | 1 2 |  2.5
Bows           | 1 2 |  2.5
Crossbows      | 1 2 |  2.5
Throwing       | 1 2 |  2.5
Stealth        | 1 2 |  2.5
Shields        | 1 2 |  2.5
Unarmed Combat | 1 2 |  2.5
Evocations     | 1 2 |  2.5
Conjurations   | 1 2 |  2.0
Hexes          | 1 2 |  2.0
Summonings     | 1 2 |  2.0
Necromancy     | 1 2 |  2.0
Translocations | 1 2 |  2.0
Transmutations | 1 2 |  2.0
Fire Magic     | 1 2 |  2.0
Ice Magic      | 1 2 |  2.0
Air Magic      | 1 2 |  2.0
Earth Magic    | 1 2 |  2.0
Poison Magic   | 1 2 |  2.0
Armour         | 3 |  3.6
Fighting       | 5 |  5.2
Polearms       | 5 |  5.2
Dodging        | 5 |  5.2
Charms         | |  5.8

Action                   |  1- 3 |  4- 6 |  7- 9 || total
-------------------------+-------+-------+-------++-------
Melee: Spear             |    10 |       |       ||    10
       Mace              |    82 |   121 |    55 ||   258
       Bite              |     3 |     7 |     8 ||    18
       Punch             |     1 |       |     2 ||     3
 Cast: Infusion          |     7 |     8 |     2 ||    17
       Shroud of Golubri |     2 |     6 |     3 ||    11
       Regeneration      |     1 |     3 |     2 ||     6
       Spectral Weapon   |       |     6 |     2 ||     8
  Use: Scroll            |       |     3 |       ||     3
 Stab: Distracted        |       |     2 |     1 ||     3
  Eat: Chunk             |     1 |     7 |     1 ||     9
Armor: Leather armour    |    26 |    19 |     4 ||    49
Dodge: Dodged            |    86 |   107 |    57 ||   250
